 Dungeon Sprint DCSS version 0.30-a0-883-g5ad918d77d (webtiles) character file.

Game seed: 5134791451982939480

8400000 testman the Formicid Barricade (level 27, -2/249 HPs)
             Began as a Formicid Fighter on Mar 17, 2023.
             Was the Champion of Makhleb.
             Killed from afar by a dread (40 damage)
             ... with damnation
             ... in the Dungeon (Sprint VIII: "Arena of Blood").
             The game lasted 00:11:46 (84 turns).

testman the Formicid Barricade (Formicid Fighter)     Turns: 84, Time: 00:11:46

Health: -2/249     AC: 13    Str: 31    XL:     27
Magic:  28/54      EV: 25    Int: 10    God:    Makhleb [******]
Gold:   0          SH: 11    Dex: 15    Spells: 80/80 levels left

rFire   . . .      SeeInvis +    i - +∞ Axe of Woe
rCold   . . .      Faith    .    c - +0 buckler
rNeg    . . .      Spirit   .    b - +0 scale mail
rPois   .          Reflect  .    (helmet unavailable)
rElec   .          Rampage  .    (no cloak)
rCorr   .                        (no gloves)
Will    ++...                    (no boots)
Stlth   ++++++++                 (no amulet)
HPRegen 0.61/turn                j - +30 ring of slaying
MPRegen 0.34/turn                f - +200 ring of slaying

@: no status effects
A: permanent stasis, dig shafts and tunnels, antennae 3, four strong arms
a: Dig, Renounce Religion, Minor Destruction, Lesser Servant of Makhleb, Major
Destruction, Greater Servant of Makhleb


You were in the Dungeon.
You worshipped Makhleb.
Makhleb was exalted by your worship.
You visited 1 branch

Inventory:

Hand Weapons
 a - a +0 war axe
 i - the +∞ Axe of Woe (weapon)
   (You found it in the Dungeon)
Armour
 b - a +0 scale mail (worn)
 c - a +0 buckler (worn)
Jewellery
 f - a +200 ring of slaying (right hand)
 j - a +30 ring of slaying (left hand)
 k - a +30 ring of slaying
Scrolls
 h - a scroll of blinking
Potions
 d - a potion of might
 e - a potion of curing
 g - 2 potions of magic


   Skills:
 O Level 27 Fighting
 + Level 14.5(17.0) Short Blades
 + Level 14.6(17.0) Long Blades
 O Level 27 Axes
 + Level 14.5 Staves
 O Level 27 Ranged Weapons
 O Level 27 Throwing
 O Level 27 Armour
 O Level 27 Dodging
 O Level 27 Stealth
 O Level 27 Shields
 + Level 14.6 Unarmed Combat
 O Level 27 Spellcasting
 O Level 27 Conjurations
 O Level 27 Hexes
 O Level 27 Summonings
 O Level 27 Necromancy
 O Level 27 Translocations
 O Level 27 Transmutations
 O Level 27 Fire Magic
 O Level 27 Ice Magic
 O Level 27 Air Magic
 O Level 27 Earth Magic
 O Level 27 Poison Magic
 O Level 27 Invocations
 O Level 27 Evocations


You had 80 spell levels left.
You didn't know any spells.
Your spell library was empty.

Dungeon Overview and Level Annotations

Branches:
Dungeon (1/1)

Altars:
Makhleb


Innate Abilities, Weirdness & Mutations

You cannot be hasted, slowed, berserked, paralysed or teleported.
You can dig through walls and to a lower floor.
You have a pair of large antennae on your head. (SInv)
Your four strong arms can wield two-handed weapons with a shield.


Message History

The eight-headed meat hydra roars!
The eight-headed meat hydra convulses!
You hear a shout!
The eight-headed meat hydra calls on the powers of darkness!
The eight-headed meat hydra convulses!
Your body is wracked with pain!
* * * LOW HITPOINT WARNING * * *
The meat berserker convulses! x2; The bag of meat convulses!
You hear a shout! x6
You block the meat berserker's attack.
The meat berserker hits you with a +9 battleaxe!
* * * LOW HITPOINT WARNING * * *
You hear a shout! x2
Items here: ))) == †.
You dice the meat berserker like an onion!!!
You slaughter the meat berserker joyfully.
You kill the meat berserker!
Makhleb accepts your kill.
You feel better.
You dice the meat berserker like an onion!!!!!
You cleave the meat berserker in twain.
You kill the meat berserker!
Makhleb accepts your kill.
You hear a shout! x2
The dread throws damnation at you.
The sphere of damnation explodes!
The damnation engulfs you!!
* * * LOW HITPOINT WARNING * * *
You hear a shout! x3
Your base Short Blades skill increases to level 14!
Your base Long Blades skill increases to level 14!
Your Staves skill increases to level 14!
Your Unarmed Combat skill increases to level 14!
Aiming: Major Destruction (0% risk of failure)
Press: ? - help, Shift-Dir - straight line, f - dread
Aim: a dread The bolt of negative energy hits the dread.
The dread completely resists.
You hear a shout! x9
The dread throws damnation at you.
The sphere of damnation explodes!
The damnation engulfs you!!!
You die...

......... #...
...# . {{#... ...#
{ ..###... {..###.
......###......
..oWz_......{{ .
#..o.)# . ...
#_)<)_#{ ...
.....#.)@))#.§...
......D)_)))......
......)###........
..###... ...###...
. #... ...# ..
#.......# {
......... {
...V....... ...o
....


You could see an eight-headed meat hydra, a sculptor of flesh, a dread and 2
bags of meat.

Vanquished Creatures
  Sigmund (D)
  A hell beast (D)
  2 royal mummies (D)
  Harold (D)
  14 vampire knights (D)
  30 ogres (D)
  A lich (D)
  2 hydras (D)
  31 orcs (D)
  2 skeletal warriors (D)
85 creatures vanquished.

Notes
Turn   | Place    | Note
-------+----------+-------------------------------------------
     0 | D        | Found the +∞ Axe of Woe
     0 | D        | testman the Formicid Fighter began the quest for the Orb.
     0 | D        | Reached XP level 1. HP: 18/18 MP: 1/1
     1 | D        | Noticed a bag of meat
     3 | D        | Became a worshipper of Makhleb the Destroyer
     3 | D        | Noticed a bag of meat
     4 | D        | Noticed a bag of meat
     6 | D        | Noticed a bag of meat
     7 | D        | Killed a bag of meat
     7 | D        | Noticed a meat berserker
     8 | D        | Reached skill level 15 in Axes
     8 | D        | Reached XP level 2. HP: 46/46 MP: 2/2
     8 | D        | Reached XP level 3. HP: 52/52 MP: 3/3
     8 | D        | Reached XP level 4. HP: 59/59 MP: 4/4
     8 | D        | Reached XP level 5. HP: 66/66 MP: 5/5
     8 | D        | Reached XP level 6. HP: 73/73 MP: 6/6
     8 | D        | Reached XP level 7. HP: 79/79 MP: 7/7
     8 | D        | Reached XP level 8. HP: 86/86 MP: 8/8
     8 | D        | Reached XP level 9. HP: 92/92 MP: 9/9
     8 | D        | Reached XP level 10. HP: 100/100 MP: 10/10
     8 | D        | Reached XP level 11. HP: 106/106 MP: 11/11
     8 | D        | Noticed a meat berserker
     9 | D        | Noticed a meat berserker
    10 | D        | Killed a bag of meat
    10 | D        | Reached * piety under Makhleb
    11 | D        | Reached skill level 5 in Dodging
    11 | D        | Reached XP level 12. HP: 116/116 MP: 11/17
    11 | D        | Killed a bag of meat
    11 | D        | Noticed a meat berserker
    11 | D        | Noticed a bag of meat
    11 | D        | Noticed a bag of meat
    12 | D        | Reached skill level 10 in Invocations
    12 | D        | Reached XP level 13. HP: 124/124 MP: 11/20
    12 | D        | Killed a meat berserker
    13 | D        | Reached skill level 10 in Dodging
    13 | D        | Reached XP level 14. HP: 76/135 MP: 11/23
    13 | D        | Killed a meat berserker
    13 | D        | Reached ** piety under Makhleb
    14 | D        | Reached skill level 15 in Invocations
    14 | D        | Killed a meat berserker
    14 | D        | Noticed a meat berserker
    15 | D        | Reached skill level 15 in Armour
    15 | D        | Reached XP level 15. HP: 63/146 MP: 11/27
    15 | D        | Noticed a meat berserker
    16 | D        | Killed a meat berserker
    17 | D        | Noticed a meat berserker
    18 | D        | Noticed a meat berserker
    18 | D        | Killed a meat berserker
    18 | D        | Reached *** piety under Makhleb
    19 | D        | Reached skill level 15 in Dodging
    19 | D        | Reached skill level 27 in Shields
    19 | D        | Reached XP level 16. HP: 152/159 MP: 12/30
    21 | D        | Killed a meat berserker
    21 | D        | Noticed a meat berserker
    22 | D        | Reached XP level 17. HP: 169/169 MP: 12/31
    22 | D        | Killed a meat berserker
    22 | D        | Reached **** piety under Makhleb
    22 | D        | Noticed a destroyer
    23 | D        | Noticed a meat berserker
    23 | D        | Noticed a destroyer
    24 | D        | Killed a meat berserker
    24 | D        | Noticed a meat berserker
    25 | D        | Noticed a destroyer
    25 | D        | Noticed a destroyer
    25 | D        | Noticed a meat berserker
    26 | D        | Noticed a meat berserker
    26 | D        | Noticed a destroyer
    27 | D        | Killed a destroyer
    27 | D        | Noticed a meat berserker
    28 | D        | Reached skill level 27 in Fighting
    28 | D        | Reached XP level 18. HP: 182/182 MP: 13/34
    29 | D        | Killed a meat berserker
    29 | D        | Killed a destroyer
    29 | D        | Reached ***** piety under Makhleb
    29 | D        | Killed a destroyer
    30 | D        | Reached skill level 27 in Axes
    30 | D        | Reached skill level 27 in Armour
    30 | D        | Reached skill level 27 in Dodging
    30 | D        | Reached skill level 27 in Invocations
    30 | D        | Reached skill level 1 in Throwing
    30 | D        | Reached skill level 1 in Stealth
    30 | D        | Reached skill level 1 in Evocations
    30 | D        | Reached XP level 19. HP: 189/189 MP: 14/36
    30 | D        | Killed a meat berserker
    30 | D        | Noticed a meat berserker
    31 | D        | Killed a destroyer
    32 | D        | Reached XP level 20. HP: 197/197 MP: 14/37
    32 | D        | Killed a meat berserker
    33 | D        | Reached ****** piety under Makhleb
    34 | D        | Killed a meat berserker
    34 | D        | Killed a meat berserker
    34 | D        | Killed a meat berserker
    34 | D        | Noticed a destroyer
    34 | D        | Noticed a meat berserker
    35 | D        | Reached skill level 27 in Stealth
    35 | D        | Reached XP level 21. HP: 204/204 MP: 15/38
    36 | D        | Reached skill level 27 in Evocations
    37 | D        | Reached skill level 27 in Throwing
    37 | D        | Reached skill level 10 in Spellcasting
    37 | D        | Killed a meat berserker
    37 | D        | Killed a destroyer
    38 | D        | Reached XP level 22. HP: 212/212 MP: 15/49
    39 | D        | Noticed a destroyer
    40 | D        | Reached skill level 27 in Spellcasting
    40 | D        | Noticed an eight-headed meat hydra
    41 | D        | Reached skill level 5 in Hexes
    41 | D        | Reached skill level 5 in Earth Magic
    41 | D        | Reached skill level 5 in Poison Magic
    42 | D        | Killed a destroyer
    42 | D        | Killed a destroyer
    43 | D        | Reached skill level 10 in Hexes
    43 | D        | Reached skill level 10 in Earth Magic
    43 | D        | Reached XP level 23. HP: 219/219 MP: 17/54
    44 | D        | Reached skill level 10 in Transmutations
    45 | D        | Noticed a destroyer
    47 | D        | Noticed The Servant
    47 | D        | Noticed a destroyer
    49 | D        | Reached skill level 10 in Ranged Weapons
    49 | D        | Reached skill level 10 in Summonings
    49 | D        | Reached skill level 10 in Necromancy
    49 | D        | Reached skill level 10 in Fire Magic
    49 | D        | Reached skill level 10 in Ice Magic
    49 | D        | Killed a destroyer
    50 | D        | Reached skill level 10 in Conjurations
    50 | D        | Reached skill level 10 in Translocations
    50 | D        | Reached skill level 10 in Air Magic
    50 | D        | Reached skill level 15 in Poison Magic
    50 | D        | Noticed a destroyer
    52 | D        | Killed a destroyer
    53 | D        | Reached skill level 15 in Transmutations
    53 | D        | Reached XP level 24. HP: 115/227 MP: 19/54
    53 | D        | Noticed a destroyer
    55 | D        | Killed a destroyer
    56 | D        | Reached skill level 15 in Ranged Weapons
    56 | D        | Reached skill level 15 in Summonings
    56 | D        | Reached skill level 15 in Necromancy
    56 | D        | Reached skill level 15 in Fire Magic
    56 | D        | Reached skill level 15 in Ice Magic
    57 | D        | Killed The Servant
    57 | D        | Noticed an accursed
    58 | D        | Reached skill level 15 in Conjurations
    58 | D        | Reached skill level 15 in Translocations
    58 | D        | Reached XP level 25. HP: 216/234 MP: 21/54
    61 | D        | Noticed an accursed
    63 | D        | Reached skill level 15 in Air Magic
    64 | D        | Killed a destroyer
    65 | D        | Reached XP level 26. HP: 234/242 MP: 22/54
    66 | D        | Noticed a destroyer
    66 | D        | Noticed a tyrant
    66 | D        | Noticed a destroyer
    66 | D        | Noticed The Captor
    67 | D        | Killed an accursed
    67 | D        | Killed The Captor
    68 | D        | Reached skill level 27 in Hexes
    68 | D        | Reached skill level 27 in Earth Magic
    68 | D        | Reached skill level 27 in Poison Magic
    68 | D        | Reached XP level 27. HP: 93/249 MP: 23/54
    69 | D        | Killed a destroyer
    69 | D        | Noticed a meat beast
    71 | D        | Killed a tyrant
    73 | D        | Killed a meat beast
    74 | D        | Reached skill level 27 in Transmutations
    75 | D        | Killed a destroyer
    75 | D        | Killed an accursed
    76 | D        | Reached skill level 27 in Ranged Weapons
    76 | D        | Reached skill level 27 in Conjurations
    76 | D        | Reached skill level 27 in Summonings
    76 | D        | Reached skill level 27 in Necromancy
    76 | D        | Reached skill level 27 in Translocations
    76 | D        | Reached skill level 27 in Fire Magic
    76 | D        | Reached skill level 27 in Ice Magic
    76 | D        | Reached skill level 27 in Air Magic
    76 | D        | Reached skill level 5 in Short Blades
    76 | D        | Reached skill level 5 in Long Blades
    76 | D        | Reached skill level 5 in Staves
    76 | D        | Reached skill level 5 in Unarmed Combat
    76 | D        | Noticed a dread
    78 | D        | Reached skill level 10 in Short Blades
    78 | D        | Reached skill level 10 in Long Blades
    78 | D        | Reached skill level 10 in Staves
    78 | D        | Reached skill level 10 in Unarmed Combat
    78 | D        | Noticed a destroyer
    81 | D        | Killed a destroyer
    84 | D        | Killed from afar by a dread

Illustrated notes

Levels and vault maps discovered:
D:        meatsprint

Skill      XL: |  1  2  3  4  5  6  7  8  9 10 11 12 13 14 15 16 17 18 19 20 21 22 23 24 25 26 27 |
---------------+----------------------------------------------------------------------------------+-----
Fighting       | 16 18 20 22 24 25 27 | 27.0
Axes           | 15 16 17 18 20 22 23 25 27 | 27.0
Shields        | 19 20 21 23 25 27 | 27.0
Armour         | 7 9 12 15 18 20 23 27 | 27.0
Dodging        | 5 7 10 13 15 17 20 27 | 27.0
Invocations    | 7 10 13 16 20 21 25 27 | 27.0
Throwing       | 1 14 24 27 | 27.0
Stealth        | 1 18 27 | 27.0
Evocations     | 1 16 26 27 | 27.0
Spellcasting   | 23 27 | 27.0
Ranged Weapons | 8 14 16 19 23 27 | 27.0
Conjurations   | 7 13 15 18 21 27 | 27.0
Hexes          | 10 17 19 22 27 | 27.0
Summonings     | 8 14 16 19 23 27 | 27.0
Necromancy     | 8 14 16 19 23 27 | 27.0
Translocations | 7 13 15 18 21 27 | 27.0
Transmutations | 9 15 17 20 25 27 | 27.0
Fire Magic     | 8 14 16 19 23 27 | 27.0
Ice Magic      | 8 14 16 19 23 27 | 27.0
Air Magic      | 7 12 14 16 20 27 | 27.0
Earth Magic    | 10 17 19 22 27 | 27.0
Poison Magic   | 11 18 20 24 27 | 27.0
Short Blades   | 14 | 14.5
Long Blades    | 14 | 14.6
Staves         | 14 | 14.5
Unarmed Combat | 14 | 14.6

Action                     |  1- 3 |  4- 6 |  7- 9 | 10-12 | 13-15 | 16-18 | 19-21 | 22-24 | 25-27 || total
---------------------------+-------+-------+-------+-------+-------+-------+-------+-------+-------++-------
  Melee: Executioner's axe |     1 |       |       |     2 |     5 |     5 |     8 |    14 |    17 ||    52
 Invoke: Lesser Servant of |       |       |       |       |       |     1 |       |       |       ||     1
         Greater Servant o |       |       |       |       |       |       |       |     3 |     2 ||     5
         Major Destruction |       |       |       |       |       |       |       |       |     1 ||     1
    Use: Potion            |       |       |       |       |       |       |       |       |     1 ||     1
  Block: Buckler           |       |       |       |       |       |       |     1 |     1 |     1 ||     3

Table legend: (Time is in decaauts)
 A = Elapsed time spent in this place.
 B = Non-inter-level travel time spent in this place.
 C = Inter-level travel time spent in this place.
 D = Time resting spent in this place.
 E = Time spent auto-exploring this place.
 F = Levels seen in this place.
 G = Mean time per level.
                   A        B        C        D        E       F      G
               +--------+--------+--------+--------+--------+-----+--------+
         Total |     68 |     68 |      0 |      0 |      0 |   1 |   68.0 |
       Dungeon |     68 |     68 |      0 |      0 |      0 |   1 |   68.0 |
               +--------+--------+--------+--------+--------+-----+--------+

Top non-repeatable levels by time:
       D: 68 daAuts
